[Event "*** MasterClass Titled Tuesday Blitz"]
[Site "Chess.com"]
[Date "2017.08.01"]
[Round "1"]
[White "proxy6"]
[Black "GMMarcinDziuba"]
[Result "0-1"]
[WhiteElo "2263"]
[BlackElo "2525"]
[TimeControl "180+2"]
[EndTime "13:02:42 PDT"]
[Termination "GMMarcinDziuba won by resignation"]

1. e4 c5 2. Nf3 d6 3. d4 cxd4 4. Nxd4 Nf6 5. Nc3 a6 6. Be3 e5 7. Nb3 Be7 8. h3 b5 9. Qf3 Bb7 10. O-O-O Nbd7 11. g4 b4 12. Nd5 Nxd5 13. exd5 a5 14.
Kb1 O-O 15. h4 a4 16. Nc1 a3 17. b3 Qc7 18. Nd3 e4 19. Qxe4 Nf6 20. Qxb4 Nxd5 21. Qe1 Nc3+ 22. Ka1 0-1

[Event "*** MasterClass Titled Tuesday Blitz"]
[Site "Chess.com"]
[Date "2017.08.01"]
[Round "1"]
[White "Cryptochess"]
[Black "chesswooog"]
[Result "0-1"]
[WhiteElo "2467"]
[BlackElo "2232"]
[TimeControl "180+2"]
[EndTime "13:03:41 PDT"]
[Termination "chesswooog won by resignation"]

1. e4 c5 2. Nf3 d6 3. d4 cxd4 4.
Nxd4 Nf6 5. Nc3 g6 6. Be3 Bg7 7. f3 Nc6 8. Bc4 O-O 9. Qd2 Bd7 10. O-O-O Rc8 11. Bb3 Nxd4 12. Bxd4 b5 13. h4 a5 14. Nd5 Nxd5 15. Bxg7 Kxg7 16. Bxd5 e6 17. Bb3 a4 18. Qxd6 axb3 19. Qxd7 bxa2 20. Qa7 Qc7 0-1

[Event "*** MasterClass Titled Tuesday Blitz"]
[Site "Chess.com"]
[Date "2017.08.01"]
[Round "1"]
[White "IvaVidenova"]
[Black "gui_borba"]
[Result "1-0"]
[WhiteElo "2445"]
[BlackElo "2117"]
[TimeControl "180+2"]
[EndTime "13:03:49 PDT"]
[Termination "IvaVidenova won by resignation"]

1. e4 c6 2. d4 d5 3. Nc3 dxe4 4. Nxe4 Nf6 5. Nxf6+ gxf6 6. Nf3 Bg4 7. Be2 Qc7 8. c4 Nd7 9. O-O e6 10. Nh4 Bxe2 11. Qxe2 O-O-O 12. Be3 Bg7 13. Rfd1 f5 14. Rac1 c5 15. d5 Ne5 16. Bf4 Bf6 17. Re1 Bxh4 18. Bxe5 Qa5 19. Bxh8 Rxh8 20. g3 Bf6 21. dxe6 Re8 22.
exf7 1-0

[Event "*** MasterClass Titled Tuesday Blitz"]
[Site "Chess.com"]
[Date "2017.08.01"]
[Round "1"]
[White "beastfromweast"]
[Black "chito89"]
[Result "0-1"]
[WhiteElo "2284"]
[BlackElo "2556"]
[TimeControl "180+2"]
[EndTime "13:04:16 PDT"]
[Termination "chito89 won by resignation"]

1. d4 g6 2. Nf3 Bg7 3. c4 d6 4. e4 Bg4 5. Nc3 Bxf3 6. gxf3 Nc6 7. Be3 e5 8. dxe5 dxe5 9. Qxd8+ Rxd8 10. Nd5 Nd4 11.
Bxd4 exd4 12. Nxc7+ Kf8 13. Nd5 Ne7 14. Bd3 Nc6 15. f4 Bh6 16. O-O Ne7 17. Rad1 Nxd5 18. cxd5 Bxf4 19. Bc4 Ke7 20. Rxd4 Kd6 21. b3 Rc8 22.
Rfd1 Rhe8 23. Kg2 Re5 24. f3 Rh5 25. h3 b5 26. Bf1 Rc2+ 27. Kh1 Rh2+ 0-1

[Event "*** MasterClass Titled Tuesday Blitz"]
[Site "Chess.com"]
[Date "2017.08.01"]
[Round "1"]
[White "FairChess_on_YouTube"]
[Black "viggi38"]
[Result "1-0"]
[WhiteElo "2723"]
[BlackElo "2378"]
[TimeControl "180+2"]
[EndTime "13:04:28 PDT"]
[Termination "FairChess_on_YouTube won by resignation"]

1. e4 e6 2. d4 d5 3. Nc3 Bb4 4. exd5 exd5 5. Bd3 Ne7 6. Qh5 Nbc6 7. Nf3 Be6 8. O-O Qd7 9. Ng5 O-O-O 10. Nxe6 fxe6 11.
Ne2 Bd6 12. c3 g6 13. Qh4 Nf5 14. Qh3 e5 15. Bxf5 Qxf5 16. Qxf5+ gxf5 17. dxe5 Bxe5 18. Bg5 Rdg8 19. f4 Bg7 20. Ng3 h6 21. Bh4 Rf8 22.
Rad1 d4 23. Nh5 Rf7 24. Nxg7 Rxg7 25. Bf6 Rhg8 26. Bxg7 Rxg7 27. cxd4 Rd7 28. Rfe1 b6 29. d5 Nb4 30. Re5 1-0

[Event "*** MasterClass Titled Tuesday Blitz"]
[Site "Chess.com"]
[Date "2017.08.01"]
[Round "1"]
[White "Saitama_Hero"]
[Black "FMVolodymyrSakun"]
[Result "0-1"]
[WhiteElo "2211"]
[BlackElo "2502"]
[TimeControl "180+2"]
[EndTime "13:04:30 PDT"]
[Termination "FMVolodymyrSakun won by resignation"]

1. d4 Nf6 2. c4 g6 3. Nc3 Bg7 4.
e4 O-O 5. Be2 d6 6. Nf3 e5 7.
O-O Nc6 8. d5 Ne7 9. b4 a5 10.
bxa5 Rxa5 11. a4 Nd7 12. Ba3 Nc5 13. Bb4 Ra8 14. a5 f5 15. Nd2 Nxe4 16. Ndxe4 fxe4 17. Nxe4 Nf5 18. c5 Qh4 19. Bd3 Bd7 20. cxd6 cxd6 21.
g3 Qh3 22. Nxd6 Nh4 23. gxh4 Rf4 24. Be4 Rxh4 25. Re1 Qxh2+ 26. Kf1 Bh3+ 27. Ke2 Bg4+ 28.
Bf3 Bxf3+ 29. Kxf3 Rf8+ 30. Ke3 Qxf2+ 31. Kd3 Rd4+ 32.
Kc3 Rf3+ 0-1

[Event "*** MasterClass Titled Tuesday Blitz"]
[Site "Chess.com"]
[Date "2017.08.01"]
[Round "1"]
[White "vellottiwizard"]
[Black "Pudor"]
[Result "1-0"]
[WhiteElo "2519"]
[BlackElo "2227"]
[TimeControl "180+2"]
[EndTime "13:04:37 PDT"]
[Termination "vellottiwizard won by resignation"]

1. e4 c5 2. Nf3 Nc6 3. d4 cxd4 4. Nxd4 Qc7 5. Nc3 e6 6. Be2 a6 7. O-O Nf6 8. Be3 Be7 9. f4 d6 10. Nb3 O-O 11. a4 Re8 12. g4 b6 13. g5 Nd7 14.
Qe1 Bb7 15. Qg3 Nb4 16. Rac1 Rac8 17. f5 Ne5 18. Nd4 Bf8 19. Rf2 Nc4 20. Bxc4 Qxc4 21.
g6 e5 22. gxf7+ Kxf7 23. Ne6 Bxe4 24. Nxe4 h6 25. Qg6+ Kg8 26. Nf6+ 1-0

[Event "*** MasterClass Titled Tuesday Blitz"]
[Site "Chess.com"]
[Date "2017.08.01"]
[Round "1"]
[White "stepanosinovsky"]
[Black "Gabix_94"]
[Result "0-1"]
[WhiteElo "2275"]
[BlackElo "2530"]
[TimeControl "180+2"]
[EndTime "13:04:40 PDT"]
[Termination "Gabix_94 won by resignation"]

1. e4 c5 2. Nf3 d6 3. d4 cxd4 4.
Nxd4 Nf6 5. Nc3 a6 6. Be3 Nc6 7. Qd2 Ng4 8. O-O-O Nxe3 9. Qxe3 g6 10.
Nxc6 bxc6 11. e5 d5 12. h4 h5 13. g3 Rb8 14. Na4 Qa5 15. b3 e6 16. Rd2 Ba3+ 17.
Kd1 Bd7 18. Be2 c5 19. Nc3 d4 20. Qd3 Qxc3 0-1

[Event "*** MasterClass Titled Tuesday Blitz"]
[Site "Chess.com"]
[Date "2017.08.01"]
[Round "1"]
[White "bugbug01052018"]
[Black "LastHeroJr"]
[Result "0-1"]
[WhiteElo "1948"]
[BlackElo "2403"]
[TimeControl "180+2"]
[EndTime "13:04:41 PDT"]
[Termination "LastHeroJr won by resignation"]

1. e4 e5 2. Nf3 Nc6 3. Bb5 a6 4. Ba4 Nf6 5. O-O Be7 6. Re1 b5 7. Bb3 O-O 8. c3 d6 9. h3 Na5 10. Bc2 c5 11. d4 Nd7 12. Nbd2 exd4 13. cxd4 Nc6 14. d5 Nce5 15. Nxe5 Nxe5 16. Nf3 Bf6 17. Nxe5 Bxe5 18. f4 Bd4+ 19. Kh1 Qh4 20. e5 Bxh3 21. g3 Qxg3 22. Be4 dxe5 23. fxe5 Bf2 24. Re2 Bg4 25. Bf4 Qh3+ 26. Bh2 Qf3+ 0-1

[Event "*** MasterClass Titled Tuesday Blitz"]
[Site "Chess.com"]
[Date "2017.08.01"]
[Round "1"]
[White "hassler2"]
[Black "Jospem"]
[Result "0-1"]
[WhiteElo "2308"]
[BlackElo "2607"]
[TimeControl "180+2"]
[EndTime "13:04:46 PDT"]
[Termination "Jospem won by resignation"]

1. b3 d6 2. Bb2 Nd7 3. e3 Ngf6 4. Nf3 g6 5. d4 Bg7 6. Nbd2 O-O 7. Be2 c6 8. O-O Qc7 9. c4 e5 10. Rc1 Re8 11. Qc2 e4 12. Ng5 Nf8 13. Ngxe4 Nxe4 14. Nxe4 Bf5 15. Bd3 Bxe4 16. Bxe4 f5 17. Bd3 Ne6 18.
Rfe1 Re7 19. Bf1 Rf8 20. Qd2 Ng5 21. Bd3 Qd8 22. Ba3 Rfe8 23. Qb4 Nf7 24. c5 d5 25. Qd2 f4 26. exf4 Rxe1+ 27. Rxe1 Rxe1+ 28. Qxe1 Bxd4 29. Qe6 Qa5 30. Bc1 Qc3 0-1

[Event "*** MasterClass Titled Tuesday Blitz"]
[Site "Chess.com"]
[Date "2017.08.01"]
[Round "1"]
[White "DrHolmes13"]
[Black "Shtembuliak"]
[Result "1-0"]
[WhiteElo "2370"]
[BlackElo "2649"]
[TimeControl "180+2"]
[EndTime "13:04:48 PDT"]
[Termination "DrHolmes13 won by checkmate"]

1. d4 Nf6 2. c4 d6 3. Nc3 Bf5 4. f3 e5 5. d5 e4 6. g4 Bg6 7.
g5 Nh5 8. fxe4 Nd7 9. Nf3 a6 10. Bh3 h6 11. gxh6 Ne5 12. O-O Qe7 13. Qa4+ Kd8 14.
Nxe5 dxe5 15. d6 Qe8 16. dxc7+ Kxc7 17. Nd5+ Kd6 18. c5+ Kxc5 19. Qb4+ Kc6 20. Qb6# 1-0

[Event "*** MasterClass Titled Tuesday Blitz"]
[Site "Chess.com"]
[Date "2017.08.01"]
[Round "1"]
[White "PelinGorki"]
[Black "cailinchetty"]
[Result "1-0"]
[WhiteElo "2403"]
[BlackElo "1924"]
[TimeControl "180+2"]
[EndTime "13:05:00 PDT"]
[Termination "PelinGorki won by resignation"]

1. e4 c5 2. Nf3 Nc6 3. d4 cxd4 4. Nxd4 g6 5. Nc3 Bg7 6. Be3 Nf6 7. Bc4 O-O 8. Bb3 d6 9. f3 Bd7 10. Qd2 Rc8 11.
O-O-O Ne5 12. Bh6 Rxc3 13. bxc3 Bxh6 14. Qxh6 a5 15. a4 Qc7 16. Qe3 Qc5 17. f4 Neg4 18.
Qf3 Qa3+ 19. Kb1 Bxa4 20. h3 Bxb3 21. cxb3 Nxe4 22. hxg4 Nc5 23. Qh3 h5 24. gxh5 Nxb3 25. hxg6 Qa1+ 26. Kc2 Qa2+ 27. Kd3 Nc5+ 28. Ke3 1-0

[Event "*** MasterClass Titled Tuesday Blitz"]
[Site "Chess.com"]
[Date "2017.08.01"]
[Round "1"]
[White "guilty93"]
[Black "TigranLPetrosyan"]
[Result "0-1"]
[WhiteElo "2378"]
[BlackElo "2740"]
[TimeControl "180+2"]
[EndTime "13:05:04 PDT"]
[Termination "TigranLPetrosyan won by resignation"]

1. e4 g6 2. d4 Bg7 3. Nc3 a6 4.
a4 d6 5. Nf3 Nf6 6. Bc4 O-O 7.
Bb3 Nc6 8. h3 Na5 9. Ba2 b5 10.
axb5 axb5 11. e5 dxe5 12. dxe5 Qxd1+ 13. Nxd1 Ne4 14. b4 Nc4 15. c3 Rd8 16. O-O Bb7 17. Re1 Rxd1 18. Rxd1 Nxc3 19. Rd3 Nxa2 20. Bf4 h6 21. Nd4 Nxb4 22. Rxa8+ Bxa8 23. Rb3 c5 24. Nxb5 g5 25. Bg3 Bxe5 26. Bxe5 Nxe5 27. Nc7 Bc6 28. Rc3 c4 29. g3 Nd5 30. Nxd5 Bxd5 31. Kf1 f5 32.
Ke2 Kf7 33. f3 Nxf3 0-1

[Event "*** MasterClass Titled Tuesday Blitz"]
[Site "Chess.com"]
[Date "2017.08.01"]
[Round "1"]
[White "peteseeger"]
[Black "Astaneh"]
[Result "0-1"]
[WhiteElo "2104"]
[BlackElo "2435"]
[TimeControl "180+2"]
[EndTime "13:05:28 PDT"]
[Termination "Astaneh won by resignation"]

1. e4 c6 2. d4 d5 3. e5 c5 4.
dxc5 e6 5. a3 Nc6 6. Nf3 Bxc5 7.
b4 Bb6 8. Bd3 Nge7 9. O-O Ng6 10. Bb2 O-O 11. c4 dxc4 12. Bxc4 Qxd1 13. Rxd1 Bc7 14.
Re1 Rd8 15. Nbd2 Ncxe5 16. Nxe5 Bxe5 17. Bxe5 Nxe5 18. Rxe5 Rxd2 19. Rc5 Bd7 20. Rc7 Rc8 21. Rxc8+ Bxc8 22. Rc1 Kf8 23. Bf1 Bd7 24. Rc7 Bc6 25. b5 Bd5 26. f3 Ra2 27. Bc4 Rc2 0-1

[Event "*** MasterClass Titled Tuesday Blitz"]
[Site "Chess.com"]
[Date "2017.08.01"]
[Round "1"]
[White "Keaton87"]
[Black "Giraffe_Chess"]
[Result "1-0"]
[WhiteElo "2496"]
[BlackElo "2199"]
[TimeControl "180+2"]
[EndTime "13:05:32 PDT"]
[Termination "Keaton87 won by checkmate"]

1. e4 e5 2. Nf3 Nc6 3. Nc3 Nf6 4. Bb5 Bd6 5. d3 O-O 6. a3 a6 7. Bc4 h6 8. g4 Be7 9. g5 hxg5 10. Bxg5 d6 11.
Rg1 Be6 12. Bh6 Ne8 13. Nd5 b5 14. Ba2 Nd4 15. Nxd4 exd4 16. Qh5 Bxd5 17. Bxd5 Rb8 18. Bxg7 Nxg7 19. Rxg7+ Kxg7 20. Ke2 Bg5 21. Rg1 f6 22. h4 Rh8 23. Qf7+ Kh6 24. hxg5+ fxg5 25. Rh1# 1-0

[Event "*** MasterClass Titled Tuesday Blitz"]
[Site "Chess.com"]
[Date "2017.08.01"]
[Round "1"]
[White "toad"]
[Black "Fisher-Human"]
[Result "0-1"]
[WhiteElo "2088"]
[BlackElo "2422"]
[TimeControl "180+2"]
[EndTime "13:05:33 PDT"]
[Termination "Fisher-Human won by resignation"]

1. d4 Nf6 2. c4 g6 3. g3 Bg7 4. Bg2 d5 5. cxd5 Nxd5 6. Nf3 O-O 7. O-O Nb6 8. Bd2 c5 9. Bc3 cxd4 10. Bxd4 Nc6 11. Bxg7 Kxg7 12. Qb3 e5 13. Rd1 Qe7 14. Nbd2 Be6 15. Qc3 f6 16. Rac1 Rac8 17. Qc5 Qxc5 18.
Rxc5 Na4 19. Rb5 b6 20. Ne4 a6 21. Rb3 Bxb3 22. axb3 Nc5 23. Nxc5 bxc5 24. Rc1 Nd4 25. Rc3 Nxe2+ 0-1

[Event "*** MasterClass Titled Tuesday Blitz"]
[Site "Chess.com"]
[Date "2017.08.01"]
[Round "1"]
[White "ruvat"]
[Black "Marcus_Harvey"]
[Result "0-1"]
[WhiteElo "2295"]
[BlackElo "2586"]
[TimeControl "180+2"]
[EndTime "13:05:50 PDT"]
[Termination "Marcus_Harvey won by resignation"]

1. d4 e6 2. c4 f5 3. Nf3 Nf6 4. g3 Be7 5. Bg2 O-O 6. O-O d6 7. Nc3 a5 8. b3 Qe8 9. Bb2 Qh5 10. Ne1 Na6 11. e4 Qxd1 12. Rxd1 Nxe4 13. Nxe4 fxe4 14. Bxe4 c6 15. Bb1 Bf6 16. Nd3 Bd7 17. Rfe1 b5 18. cxb5 cxb5 19. Nf4 Rfe8 20. Nh5 Be7 21. Nf4 Bg5 22.
Nd3 Rac8 23. h4 Bf6 24. Nf4 g6 25. a3 Nc7 26. Rc1 Nd5 27. Nxd5 exd5 28. Rxc8 Rxc8 29. f3 a4 30. bxa4 bxa4 31. Bd3 Kf7 32. Kf2 Bf5 33. Bxf5 gxf5 34. Re2 Rc4 35. Rd2 f4 36. h5 fxg3+ 37.
Kxg3 Rc8 38. Re2 Rb8 39. Kf2 Rxb2 0-1

[Event "*** MasterClass Titled Tuesday Blitz"]
[Site "Chess.com"]
[Date "2017.08.01"]
[Round "1"]
[White "Tesla37"]
[Black "ka1ser64"]
[Result "1-0"]
[WhiteElo "2673"]
[BlackElo "2361"]
[TimeControl "180+2"]
[EndTime "13:05:52 PDT"]
[Termination "Tesla37 won by resignation"]

1. e4 e6 2. d4 d5 3. Nd2 Nf6 4. e5 Nfd7 5. Bd3 c5 6. c3 Nc6 7. Ne2 cxd4 8. cxd4 f6 9. exf6 Nxf6 10. O-O Bd6 11.
Nf3 O-O 12. Bg5 Bd7 13. Rc1 Be8 14. Ng3 Qb6 15. Re1 h6 16. Rxe6 Bxg3 17. Bxf6 Bxf2+ 18. Kxf2 Rxf6 19. Rxf6 gxf6 20. Bc2 Rd8 21. Qd3 Rd7 22.
Re1 Bh5 23. g4 Bxg4 24. Qg6+ 1-0

[Event "*** MasterClass Titled Tuesday Blitz"]
[Site "Chess.com"]
[Date "2017.08.01"]
[Round "1"]
[White "SipkeErnst"]
[Black "Blitzking4444"]
[Result "1-0"]
[WhiteElo "2471"]
[BlackElo "2152"]
[TimeControl "180+2"]
[EndTime "13:06:01 PDT"]
[Termination "SipkeErnst won on time"]

1. d4 Nf6 2. c4 e6 3. Nc3 Bb4 4.
e3 O-O 5. Bd3 d5 6. Nf3 c5 7.
O-O dxc4 8. Bxc4 Nbd7 9. Qe2 cxd4 10. exd4 Bxc3 11. bxc3 b6 12. Bb2 Bb7 13. Bd3 Re8 14. Rfe1 Qc7 15. Rac1 h6 16. c4 Ng4 17. h3 Bxf3 18.
Qxf3 Qh2+ 19. Kf1 e5 20. hxg4 e4 21. Rxe4 Rxe4 22. Qxe4 1-0

[Event "*** MasterClass Titled Tuesday Blitz"]
[Site "Chess.com"]
[Date "2017.08.01"]
[Round "1"]
[White "djano"]
[Black "Keranke"]
[Result "0-1"]
[WhiteElo "2342"]
[BlackElo "2660"]
[TimeControl "180+2"]
[EndTime "13:06:04 PDT"]
[Termination "Keranke won by resignation"]

1. d4 d5 2. Bf4 Nf6 3. e3 c5 4. c3 Nc6 5. Nd2 e6 6. Ngf3 cxd4 7.
exd4 Nh5 8. Be3 Bd6 9. Ne5 g6 10. Nxc6 bxc6 11. Bd3 Nf4 12. Bf1 O-O 13. g3 Nh5 14.
Bg2 Rb8 15. Qc2 f6 16. O-O e5 17. Rad1 e4 18. c4 f5 19. Nb3 f4 20. gxf4 Nxf4 21. cxd5 Nxg2 22. Kxg2 Qh4 23. f4 exf3+ 24. Kh1 Bh3 25.
Rf2 cxd5 26. Nc5 Rbe8 27. Rd3 Qg4 28. Rc3 Bf4 29. Qb3 Bg2+ 30. Kg1 Bxh2+ 31. Kxh2 Qh3+ 0-1

[Event "*** MasterClass Titled Tuesday Blitz"]
[Site "Chess.com"]
[Date "2017.08.01"]
[Round "1"]
[White "iturrizaga"]
[Black "hermionegrangermagic"]
[Result "1-0"]
[WhiteElo "2668"]
[BlackElo "2350"]
[TimeControl "180+2"]
[EndTime "13:06:08 PDT"]
[Termination "iturrizaga won by resignation"]

1. Nf3 d5 2. c4 e6 3. g3 Nf6 4. Bg2 Be7 5. O-O O-O 6. d4 dxc4 7. Ne5 Nc6 8. Nxc6 bxc6 9. Na3 Bxa3 10. bxa3 Qd6 11.
Qa4 Qxd4 12. Be3 Qd8 13. Qxc6 Rb8 14. Rfd1 Nd5 15. Bxa7 Bd7 16. Qxc4 Ra8 17. Bc5 Re8 18. e4 Nb6 19. Qc1 Qc8 20. Rb1 Na4 21. e5 Ra5 22. Bb4 Rxe5 23. Rxd7 Qxd7 24. Bc6 Qd8 25. Bxa4 h5 26.
Bxe8 Qxe8 27. Qxc7 f6 28. Bc3 Rg5 29. Rb8 1-0

[Event "*** MasterClass Titled Tuesday Blitz"]
[Site "Chess.com"]
[Date "2017.08.01"]
[Round "1"]
[White "pKiLz5Rn9b"]
[Black "matej2221"]
[Result "1-0"]
[WhiteElo "2608"]
[BlackElo "2310"]
[TimeControl "180+2"]
[EndTime "13:06:08 PDT"]
[Termination "pKiLz5Rn9b won by resignation"]

1. d4 d5 2. Nf3 Nf6 3. e3 e6 4.
c4 c6 5. b3 Be7 6. Bd3 Nbd7 7.
O-O O-O 8. Bb2 b6 9. Nc3 Bb7 10. Qe2 Rc8 11. Rfd1 Re8 12. Rac1 Qc7 13. e4 dxe4 14.
Nxe4 Nxe4 15. Bxe4 Bf6 16. Qc2 g6 17. Rd2 c5 18.
Bxb7 Qxb7 19. Rcd1 Red8 20. d5 Bxb2 21. dxe6 fxe6 22.
Qxb2 Qc7 23. Ng5 Nf8 24. Ne4 Rxd2 25. Qxd2 Qg7 26. Qf4 Rc7 27. h4 Rd7 28. Nf6+ Qxf6 29. Qxf6 Rxd1+ 30. Kh2 Rd7 31. Qe5 Rf7 32. f3 Rf5 33.
Qb8 Rf7 34. a3 Kg7 35. Qe5+ Kg8 36. b4 Nd7 37. Qxe6 Nf8 38. Qd5 Kg7 39. bxc5 1-0

[Event "*** MasterClass Titled Tuesday Blitz"]
[Site "Chess.com"]
[Date "2017.08.01"]
[Round "1"]
[White "cool64chess"]
[Black "Tash_Boy"]
[Result "0-1"]
[WhiteElo "2113"]
[BlackElo "2442"]
[TimeControl "180+2"]
[EndTime "13:06:11 PDT"]
[Termination "Tash_Boy won by resignation"]

1. d4 Nf6 2. c4 g6 3. Nc3 Bg7 4. e4 d6 5. f3 O-O 6. Be3 Nc6 7.
Nge2 a6 8. Qd2 Na5 9. b3 b5 10. g4 bxc4 11. h4 cxb3 12. Ng3 c5 13. h5 bxa2 14. Qxa2 Nc6 15. Nce2 cxd4 16. Nxd4 Nxd4 17. Bxd4 Be6 18. Qd2 a5 19. hxg6 fxg6 20. Nf5 gxf5 21. gxf5 Bf7 22. Bd3 Qb8 23. Rg1 Kh8 24. Rb1 Qc7 25. Rh1 e5 26. Rc1 Qb8 27. Be3 Qb4 28.
Rc3 Rac8 29. Rxc8 Qxd2+ 30. Kxd2 Rxc8 31. Ra1 d5 32. Rxa5 dxe4 33. fxe4 Ng4 34. Bg5 Kg8 35. Be2 h5 36. Bxg4 hxg4 37. f6 Bf8 38. Rxe5 Bd6 39. Rb5 Re8 40. Ke3 Bg6 41. Rb7 Rxe4+ 42.
Kf2 g3+ 43. Kg2 Re2+ 44. Kf1 Bd3 45. f7+ Kg7 0-1

[Event "*** MasterClass Titled Tuesday Blitz"]
[Site "Chess.com"]
[Date "2017.08.01"]
[Round "1"]
[White "AndrewMcStone"]
[Black "BigMak2500"]
[Result "0-1"]
[WhiteElo "2074"]
[BlackElo "2419"]
[TimeControl "180+2"]
[EndTime "13:06:12 PDT"]
[Termination "BigMak2500 won by resignation"]

1. d4 Nf6 2. c4 e6 3. Nc3 Bb4 4. f3 O-O 5. a3 Bxc3+ 6. bxc3 Nh5 7. Nh3 f5 8. e3 d6 9. Bd3 c5 10. O-O Nc6 11. g4 Qh4 12. Nf2 fxg4 13. fxg4 Ng3 14. hxg3 Qxg3+ 15. Kh1 Rxf2 16. Rxf2 Qxf2 17. Bd2 Bd7 18.
Qc2 Qh4+ 19. Kg1 Qxg4+ 20. Kh2 Qh4+ 21. Kg2 e5 22. Rh1 Qg4+ 23. Kf2 Rf8+ 24. Ke1 Qg3+ 25. Kd1 Qf3+ 26. Kc1 Qxh1+ 27. Kb2 cxd4 0-1

[Event "*** MasterClass Titled Tuesday Blitz"]
[Site "Chess.com"]
[Date "2017.08.01"]
[Round "1"]
[White "attack2mateU"]
[Black "TomasKapitanchuk"]
[Result "1-0"]
[WhiteElo "2499"]
[BlackElo "2201"]
[TimeControl "180+2"]
[EndTime "13:06:14 PDT"]
[Termination "attack2mateU won by resignation"]

1. e4 c5 2. Nf3 e6 3. d4 cxd4 4. Nxd4 Nc6 5. Nc3 Qc7 6. Be3 a6 7. Qd2 Nf6 8. O-O-O Be7 9. f3 d6 10. g4 Nxd4 11. Bxd4 b5 12. g5 Nh5 13. Rg1 Bb7 14. Kb1 Rc8 15. Bh3 Rg8 16. Bg4 g6 17. a3 Qc4 18. f4 Qc6 19. f5 e5 20. Be3 Rb8 21. Nd5 Bd8 22. Bxh5 gxh5 23. Qe2 Qc4 24. Qxh5 Qxe4 25.
Qxh7 Bxd5 26. Qxg8+ Kd7 27. g6 Rc8 28. gxf7 Qxc2+ 29. Ka1 Be7 30. f8=N+ Rxf8 31. Qxd5 1-0

[Event "*** MasterClass Titled Tuesday Blitz"]
[Site "Chess.com"]
[Date "2017.08.01"]
[Round "1"]
[White "scrapnel"]
[Black "Cocovitsch007"]
[Result "1-0"]
[WhiteElo "2510"]
[BlackElo "2223"]
[TimeControl "180+2"]
[EndTime "13:06:19 PDT"]
[Termination "scrapnel won by resignation"]

1. d4 Nf6 2. Nf3 g6 3. Bg5 Bg7 4. Nbd2 d5 5. e3 Bf5 6. c4 c6 7. Qb3 Qb6 8. c5 Qxb3 9. axb3 Nbd7 10. b4 O-O 11. b5 Rfe8 12. b4 Ne4 13. Bf4 Nxd2 14.
Kxd2 Be4 15. bxc6 bxc6 16. Ba6 Bxf3 17. gxf3 e5 18. dxe5 Nxe5 19. Bxe5 Bxe5 20. Ra4 Rab8 21. f4 Bf6 22. Rc1 d4 23. b5 dxe3+ 24. fxe3 cxb5 25.
Rb4 Kf8 26. c6 Re7 27. c7 Rd7+ 28. Ke2 1-0

[Event "*** MasterClass Titled Tuesday Blitz"]
[Site "Chess.com"]
[Date "2017.08.01"]
[Round "1"]
[White "B-man"]
[Black "aa175"]
[Result "1-0"]
[WhiteElo "2390"]
[BlackElo "1850"]
[TimeControl "180+2"]
[EndTime "13:06:20 PDT"]
[Termination "B-man won by checkmate"]

1. e4 e5 2. Nc3 Nf6 3. Bc4 Nc6 4.
Nge2 Bc5 5. d3 h6 6. O-O d6 7. Na4 Bb6 8. Nxb6 axb6 9. f4 O-O 10. a3 Nd7 11. Ng3 Nc5 12. f5 Na5 13. Ba2 c6 14. b4 Na4 15. bxa5 bxa5 16. Qg4 Kh8 17. Nh5 g6 18.
Bxh6 gxh5 19. Qg7# 1-0

[Event "*** MasterClass Titled Tuesday Blitz"]
[Site "Chess.com"]
[Date "2017.08.01"]
[Round "1"]
[White "olomi007"]
[Black "stefanodinn"]
[Result "1-0"]
[WhiteElo "2477"]
[BlackElo "2179"]
[TimeControl "180+2"]
[EndTime "13:06:28 PDT"]
[Termination "olomi007 won on time"]

1. e4 c5 2. Nf3 d6 3. d4 cxd4 4. Nxd4 Nf6 5. Nc3 a6 6. Bg5 e6 7.
f4 Be7 8. Qf3 Qc7 9. O-O-O Nbd7 10.
g4 b5 11. Bxf6 Nxf6 12. g5 Nd7 13. f5 Bxg5+ 14. Kb1 Ne5 15. Qh5 Qe7 16. fxe6 g6 17. exf7+ Kxf7 18. Qe2 Bg4 19. Qf2+ Qf6 20. Qxf6+ Bxf6 21.
Be2 Bc8 22. Nd5 Bd8 23. Nf3 Kg7 24. Nxe5 dxe5 25. a4 bxa4 26. c4 Rb8 27. Ka2 Rf8 28. Rhf1 Rxf1 29. Bxf1 Bg4 30. Rd3 Bg5 31. c5 Bc1 32. b3 Kf7 33. c6 Rc8 34. Rc3 Bd2 35. Rc2 1-0

[Event "*** MasterClass Titled Tuesday Blitz"]
[Site "Chess.com"]
[Date "2017.08.01"]
[Round "1"]
[White "Bengalas"]
[Black "Jamaladam12200620"]
[Result "1-0"]
[WhiteElo "2412"]
[BlackElo "1981"]
[TimeControl "180+2"]
[EndTime "13:06:28 PDT"]
[Termination "Bengalas won by resignation"]

1. d4 Nf6 2. c4 c5 3. d5 d6 4. Nc3 g6 5. e4 Bg7 6. Nf3 O-O 7. Be2 Nbd7 8. O-O Ne5 9. Nxe5 dxe5 10. Be3 b6 11. a3 Ne8 12. b4 cxb4 13. axb4 Nd6 14. c5 bxc5 15. bxc5 Nb7 16. c6 Nd6 17. Rxa7 Rxa7 18.
Bxa7 f5 19. f3 fxe4 20. Nxe4 Nxe4 21. fxe4 Rxf1+ 22. Bxf1 Qa5 23. Be3 Qc3 24. Qd3 Qxd3 25. Bxd3 Kf7 26. Kf2 Bf8 27. Bc5 Bg7 28. h3 Bh6 29. Be2 Ke8 30. Bg4 Bxg4 31. hxg4 Kd8 32. Ke2 Bg5 33. Kd3 Kc7 34. Kc4 Kc8 35. d6 exd6 36.
Bxd6 Bf4 37. Kd5 h5 38. gxh5 gxh5 39. Bxe5 Bxe5 40. Kxe5 Kc7 41. Kd5 h4 42. e5 Kc8 43.
Kd6 1-0

[Event "*** MasterClass Titled Tuesday Blitz"]
[Site "Chess.com"]
[Date "2017.08.01"]
[Round "1"]
[White "MMSANCHEZ"]
[Black "GMKrikor"]
[Result "1-0"]
[WhiteElo "2291"]
[BlackElo "2520"]
[TimeControl "180+2"]
[EndTime "13:06:41 PDT"]
[Termination "MMSANCHEZ won by resignation"]

1. d4 Nf6 2. Nf3 e6 3. e3 b6 4. Bd3 Bb7 5. O-O d5 6. Nbd2 c5 7. c3 Bd6 8. Ne5 O-O 9. f4 Ne4 10.
Qf3 f5 11. Qh3 Nd7 12. Ndf3 Ndf6 13. Ng5 Nxg5 14. fxg5 Bxe5 15. gxf6 Bxf6 16. Bd2 Qe7 17. Be1 g6 18. Bg3 e5 19. dxe5 Bxe5 20. Bh4 Bf6 21. Bxf6 Rxf6 22. Rae1 Re8 23. Qh6 Re6 24. Rf3 d4 25. Rh3 dxe3 26. Bc4 Qg7 27. Qxe3 Bc8 28. Qd3 Kh8 29. Bxe6 Bxe6 30. Rhe3 Qg8 31. Qe2 1-0

[Event "*** MasterClass Titled Tuesday Blitz"]
[Site "Chess.com"]
[Date "2017.08.01"]
[Round "1"]
[White "grzechu96"]
[Black "axlbvRR"]
[Result "1-0"]
[WhiteElo "2407"]
[BlackElo "1986"]
[TimeControl "180+2"]
[EndTime "13:06:43 PDT"]
[Termination "grzechu96 won on time"]

1. e4 c5 2. Nf3 d6 3. d4 cxd4 4.
Nxd4 Nf6 5. Nc3 g6 6. Be3 Bg7 7. f3 O-O 8. Qd2 Nc6 9. O-O-O Bd7 10. h4 Ne5 11. Bh6 Rc8 12. h5 Nc4 13. Bxc4 Rxc4 14.
hxg6 fxg6 15. Nd5 Rf7 16. Bxg7 Rxg7 17. Nxf6+ exf6 18. Nf5 gxf5 19. Qd5+ Kh8 20. Qxc4 Qe7 21. Qd4 fxe4 22. Qxe4 Qf8 23. g4 Bc6 24. Qf4 Rf7 25.
Rxd6 Bxf3 26. Rf1 Bxg4 27. Rxf6 Bh5 28. Rxf7 Bxf7 29. Qxf7 Qh6+ 30. Kb1 1-0